 Dungeon Crawl Stone Soup version 0.29.1-13-g9f3cf754e1 (webtiles) character file.

Game seed: 11557007203955153009

44 Oxelix the Shooter (level 3, -9/28 HPs)
             Began as a Demonspawn Hunter on Feb 2, 2023.
             Mangled by Crazy Yiuf
             ... wielding a +3 quarterstaff of chaos
              (12 damage)
             ... on level 2 of the Dungeon.
             The game lasted 00:02:36 (1579 turns).

Oxelix the Shooter (Demonspawn Hunter)              Turns: 1579, Time: 00:02:37

Health: -9/28      AC:  5    Str: 17    XL:     3   Next: 41%
Magic:  3/3        EV: 12    Int: 10    God:
Gold:   137        SH:  0    Dex: 18    Spells: 2/2 levels left

rFire   . . .      SeeInvis .   a - +0 shortbow
rCold   . . .      Faith    .   (shield currently unavailable)
rNeg    . . .      Spirit   .   c - +0 leather armour
rPois   .          Reflect  .   (no helmet)
rElec   .          Harm     .   d - +0 cloak
rCorr   .          Rampage  .   z - +0 pair of gloves
Will    .....                   (no boots)
Stlth   ++........              (no amulet)
HPRegen 0.09/turn               x - +6 ring of strength
MPRegen 0.08/turn               (no ring)

@: hasted, very quick
A: powered by death 1
a: no special abilities


You were on level 2 of the Dungeon.
You visited 1 branch of the dungeon, and saw 3 of its levels.

You collected 137 gold pieces.

Inventory:

Hand Weapons
 a - a +0 shortbow (weapon)
Missiles
 l - 5 poisoned darts
Armour
 c - a +0 leather armour (worn)
 d - a +0 cloak (worn)
 q - a +0 chain mail
 z - a +0 pair of gloves (worn)
Jewellery
 x - a +6 ring of strength (left hand)
 y - a +6 ring of dexterity
Wands
 t - a wand of paralysis (9)
Scrolls
 b - a scroll of immolation
 k - 4 scrolls of poison {unknown}
 o - 3 scrolls of identify {unknown}
 r - a scroll of teleportation {unknown}
 u - a scroll of butterflies {unknown}
 v - 2 scrolls of enchant weapon {unknown}
 w - 2 scrolls of fear {unknown}
Potions
 e - 2 potions of might {unknown}
 f - 2 potions of attraction {unknown}
 g - a potion of degeneration {unknown}
 h - a potion of mutation {unknown}
 i - 2 potions of resistance {unknown}
 j - a potion of curing {unknown}
 m - a potion of berserk rage {unknown}
 n - 2 potions of haste {unknown}
 p - 2 potions of heal wounds {unknown}
 s - a potion of lignification {unknown}


   Skills:
 + Level 2.6 Fighting
 * Level 4.4 Ranged Weapons
 - Level 1.7 Dodging
 - Level 0.8 Stealth


You had 2 spell levels left.
You didn't know any spells.
Your spell library was empty.

Dungeon Overview and Level Annotations

Branches:
Dungeon (3/15)

Altars:

Annotations:
D:2 Crazy Yiuf


Innate Abilities, Weirdness & Mutations

You regenerate a little health from kills.


Message History

You shoot an arrow. The arrow hits the ball python.
You kill the ball python!
v - 2 scrolls labelled BESTINWYTECW (gained 1)
Found a hammer.
Unknown command.
Found a hammer.
Found a hammer.
Found a runed translucent door.
You open the door.
Crazy Yiuf shouts!
You shoot an arrow. The arrow hits Crazy Yiuf.
Crazy Yiuf is moderately wounded.
You shoot an arrow. The arrow barely misses Crazy Yiuf.
Crazy Yiuf misses you.
You shoot an arrow.
The arrow hits Crazy Yiuf but does no damage.
Crazy Yiuf is moderately wounded.
Crazy Yiuf hits you with a +3 quarterstaff of chaos.
Crazy Yiuf burns you.
You shoot an arrow. The arrow hits Crazy Yiuf.
Crazy Yiuf is severely wounded.
Crazy Yiuf screams, "Whippet!
Key disdain arga."
Crazy Yiuf hits you with a +3 quarterstaff of chaos!
You are too injured to fight recklessly!
You are too injured to fight recklessly!
You are too injured to fight recklessly!
Okay, then.
You don't know any spells.
Fire: a) +0 shortbow
Press: ? - help, Q - select action, (/) - cycle Shift-Dir - straight line, f/p - Crazy Yiuf
Aim: Crazy Yiuf, wielding a +3 quarterstaff of chaos and wearing a +0 cloak of poison resistance (severely wounded, 68% to hit)
You shoot an arrow. The arrow closely misses Crazy Yiuf.
Crazy Yiuf closely misses you.
Crazy Yiuf hits you with a +3 quarterstaff of chaos!
* * * LOW HITPOINT WARNING * * *
You feel yourself speed up.
Fire: a) +0 shortbow
Press: ? - help, Q - select action, (/) - cycle Shift-Dir - straight line, f/p - Crazy Yiuf
Aim: Crazy Yiuf, wielding a +3 quarterstaff of chaos and wearing a +0 cloak of poison resistance (severely wounded, 68% to hit)
You shoot an arrow. The arrow closely misses Crazy Yiuf.
Crazy Yiuf hits you with a +3 quarterstaff of chaos!
You die...

#........#.#
######..#########
##.......#
#........# #####
.....#######
#)..#
...........#
#...#
...........# ...
##>........# #g#
####......# ♣@♣♣
#......# ♣♣.♣
#......# ♣.♣♣
#......# ♣♣.♣
#####.## ♣♣.♣♣
#.# ♣♣PP.♣ #.#
♣...)♣ #.##
#..).#
#..####....#


You could see Crazy Yiuf.

Vanquished Creatures
  7 ball pythons
  2 endoplasms (D:1)
  3 giant cockroaches (D:2)
  A hobgoblin (D:2)
  3 jackals (D:3)
  4 kobolds
  2 quokkas
  8 bats
  4 frilled lizards
  2 goblins (D:1)
  6 rats
42 creatures vanquished.

Notes
Turn   | Place    | Note
-------+----------+-------------------------------------------
     0 | D:1      | Oxelix the Demonspawn Hunter began the quest for the Orb.
     0 | D:1      | Reached XP level 1. HP: 16/16 MP: 1/1
   373 | D:1      | Gained mutation: You regenerate a little health from kills.
                  | [demonic ancestry]
   373 | D:1      | Reached XP level 2. HP: 22/22 MP: 2/2
   393 | D:1      | Reached skill level 4 in Ranged Weapons
   663 | D:2      | You fall into a shaft and drop 1 floor!
   852 | D:2      | Reached XP level 3. HP: 28/28 MP: 3/3
  1569 | D:2      | Found a runed translucent door.
  1570 | D:2      | Noticed Crazy Yiuf
  1579 | D:2      | Mangled by Crazy Yiuf

Illustrated notes

Levels and vault maps discovered:
D:1:      psy_arrival_fountain, layout_basic, serial_curves, eino_curves_02,
          eino_curves_01
D:2:      layout_basic, uniq_crazy_yiuf_cottage
D:3:      layout_loops_cross, lexackson_kobold_supper

Skill      XL: |  1  2 |
---------------+-------+-----
Ranged Weapons | 4 |  4.4
Fighting       | |  2.6
Dodging        | |  1.7
Stealth        | |  0.8

Action                   || total
-------------------------++-------
 Fire: Shortbow          ||    98
Armor: Leather armour    ||     7
Dodge: Dodged            ||    29
